Cogmind - Beta 15 @@@ ROGUE MODE // 2025.06.19 @ 03:56:18 Player: Mogwok Wargfriend Result: Destroyed by H-66 Slayer with Heavy Assault Rifle Performance ------------- Evolutions (4) 2000 Regions Visited (11) 2200 Robots Destroyed (195) 975 Value Destroyed (4907) 4907 Prototype IDs (37) 740 Alien Tech Used (0) 0 Bonus (778) 778 TOTAL SCORE: 11600 Bonus ------- Follower Combat Kills 478 Aligned with FarCom 300 Cogmind --------- Core Integrity 0/850 Matter 270/300 Energy 93/100 System Corruption 1% Temperature Cool (6) Movement Core (50) Location -6/Factory Parts ------- > --- POWER (1) -------- (None) > --- PROPULSION (4) --- Armored Huge Wheel > --- UTILITY (7) ------ Enhanced Optical Array Improved Signal Interpreter > --- WEAPON (3) ------- Heavy Pick > --- INVENTORY (5) ---- Light Fission Core Compact Wheel Medium Matter Pod (0) High-powered Shock Rifle Improved Heavy Machine Gun Peak State ------------ > --- POWER ------------ Heavy Deuterium Engine > --- PROPULSION ------- Improved Carbon-fiber Leg Improved Titanium Leg Improved Titanium Leg Wheel > --- UTILITY ---------- Improved Heat Sink Small Storage Unit Energy Well Improved Signal Interpreter Weapon Cycler Improved Reaction Control System Hardened Light Armor Plating > --- WEAPON ----------- Heavy Laser Gatling Laser Improved Light Cannon > --- INVENTORY -------- Heavy Deuterium Engine Gravmag Array Experimental Sensor Array Improved Heavy Laser Improved Datajack [Rating: 54] Favorites ----------- Power Heavy Ion Engine Engine Heavy Ion Engine Power Core Micro Nuclear Core Propulsion Improved Treads Treads Improved Treads Leg Improved Carbon-fiber Leg Wheel Wheel Hover Unit Airjet Flight Unit VTOL Module Utility Improved Heat Sink Device Improved Heat Sink Storage High-capacity Storage Unit Processor Signal Interpreter Hackware System Shield Protection Hardened Medium Armor Plating Weapon Beam Rifle Energy Gun Beam Rifle Energy Cannon Advanced Beam Cannon Ballistic Gun Gauss Rifle Ballistic Cannon Mass Driver Launcher Grenade Launcher Slashing Weapon Makeshift Sword Piercing Weapon Heavy Pick Special Melee Weapon Improved Datajack Build | -11 -10 -10 -9 -9 -9 -8 -8 -7 -7 -7 -6 ------- Run | Yrd Mat Min Mat Min Exi Min Mat Fac Was Fac Fac Slots Evolved 8 | . . . 2 . . . 2 2 . . 2 Power . | . . . . . . . . . . . . Propulsion 2 | . . . 1 . . . . . . . 1 Utility 5 | . . . 1 . . . 2 1 . . 1 Weapon 1 | . . . . . . . . 1 . . . Parts Attached 145 | 8 11 7 33 4 . 1 16 11 . 35 19 Power 12 | 1 1 . 5 . . . . 2 . 3 . Engine 11 | 1 1 . 5 . . . . 2 . 2 . Core 1 | . . . . . . . . . . 1 . Reactor . | . . . . . . . . . . . . Propulsion 45 | 3 3 3 14 . . . 6 2 . 9 5 Treads 15 | . . . 6 . . . 6 2 . 1 . Leg 8 | . . . 1 . . . . . . 7 . Wheel 19 | 3 3 3 7 . . . . . . . 3 Hover 1 | . . . . . . . . . . 1 . Flight 2 | . . . . . . . . . . . 2 Utility 53 | 2 3 2 7 4 . 1 4 5 . 17 8 Device 25 | 1 1 1 3 2 . 1 . 2 . 9 5 Storage 9 | 1 1 . 2 . . . 1 1 . 1 2 Processor 7 | . 1 . . 1 . . 1 . . 3 1 Hackware 2 | . . . . . . . 1 . . 1 . Protection 10 | . . 1 2 1 . . 1 2 . 3 . Artifact . | . . . . . . . . . . . . Weapon 35 | 2 4 2 7 . . . 6 2 . 6 6 Energy Gun 18 | 1 2 1 5 . . . 4 . . 3 2 Energy Cannon 2 | . . . . . . . 2 . . . . Ballistic Gun 7 | 1 2 . 1 . . . . . . 2 1 Ballistic Cannon 4 | . . . . . . . . 2 . 1 1 Launcher 1 | . . 1 . . . . . . . . . Special Weapon . | . . . . . . . . . . . . Impact Weapon . | . . . . . . . . . . . . Slashing Weapon 1 | . . . 1 . . . . . . . . Piercing Weapon 1 | . . . . . . . . . . . 1 Special Melee Weapon 1 | . . . . . . . . . . . 1 Unidentified Prototypes 10 | . . 1 2 . . . 3 1 . 1 2 Parts Lost 51 | . 5 . 7 . . . 7 1 5 11 15 Power 4 | . . . 1 . . . 1 . 1 1 . Propulsion 15 | . 1 . 3 . . . 2 . 1 2 6 Utility 19 | . 1 . . . . . 3 1 3 6 5 Weapon 13 | . 3 . 3 . . . 1 . . 2 4 Highest Loss Streak 10 | . 3 . 2 . . . 3 1 5 6 10 To Critical Strikes . | . . . . . . . . . . . . Average Backups 12 | 4 7 7 11 19 18 17 18 19 15 7 5 Power 1 | . 1 1 1 2 2 2 2 2 1 1 . Propulsion 2 | 3 4 1 2 3 4 4 3 3 2 2 1 Utility 4 | . . 2 4 7 7 6 8 9 7 1 1 Weapon 3 | . 1 2 3 6 5 5 3 4 2 1 1 Tool/Special . | . . . . . . . . . . . . Unused Backups 59 | . 6 2 9 2 3 1 7 2 12 9 6 Power 9 | . 2 . 1 . . . 1 2 1 . 2 Propulsion 18 | . 2 1 2 2 . 1 2 . 1 4 3 Utility 18 | . . . 3 . 2 . 2 . 7 3 1 Weapon 13 | . 2 1 3 . 1 . 2 . 2 2 . Tool/Special 1 | . . . . . . . . . 1 . . Average Slot Usage (%) 95 | . 91 99 99 100 100 100 98 97 66 93 75 Engine 9 | . 14 14 10 11 11 11 9 7 4 6 4 Treads 15 | . . . 14 33 33 33 26 23 13 3 . Leg 5 | . . . . . . . . . . 19 14 Wheel 6 | . 27 28 18 . . . . . . . 5 Device 11 | . 5 . 11 10 11 11 9 14 10 20 11 Storage 9 | . 14 14 11 11 11 11 9 7 4 5 9 Processor 7 | . 1 7 . 6 11 11 12 15 10 8 6 Hackware 1 | . . . . . . . 5 . . 1 . Protection 6 | . . 5 11 4 . . 8 7 4 4 4 Energy Gun 13 | . 10 14 19 22 22 22 15 7 4 6 8 Energy Cannon 1 | . . . . . . . 2 5 . . . Ballistic Gun 3 | . 17 2 2 . . . . . . 9 . Ballistic Cannon 1 | . . . . . . . . 7 9 3 3 Peak Build Rating 54 | 7 9 17 24 24 22 23 31 39 39 50 54 Average Rating 26 | 5 7 8 17 21 20 22 26 32 23 41 41 On Entrance 17 | . 7 8 9 24 20 21 23 23 39 1 29 Naked Turns 39 | . . . . . . . . . 34 5 . Heaviest Build 73 | 13 14 19 63 63 55 55 70 73 73 43 47 Greatest Support 73 | 26 20 20 69 69 69 69 69 73 73 56 38 Greatest Overweight (x) 20 | 1 1 1 8 . . . 1 1 20 1 1 Average Overweight (x) . | . . . . . . . . . . . . Largest Inventory Capacity 20 | 8 8 8 20 20 20 20 20 20 20 8 10 Average Capacity 13 | 7 8 8 11 20 20 20 20 20 14 7 7 Most Carried 20 | 8 8 8 20 20 20 20 20 20 20 8 9 Average Carried 13 | 5 7 7 11 19 19 20 19 19 14 7 6 Final Capacity 20 | 8 8 8 20 20 20 20 20 20 5 8 5 Final Carried 20 | 8 8 8 20 20 20 20 20 20 5 7 5 Class Distribution -------------------- 52% | Mutant 16% | Scavenger-Mutant 8% | Scavenger-Gunner 7% | Scavenger-Skirmisher 4% | Scavenger-Tank 3% | Gunner 3% | Tank Dominant Class ---------------- Mutant | -10/Materials Mutant | -10/Mines Scavenger-Mutant | -9/Materials Mutant | -9/Mines Mutant | -9/Exiles Mutant | -8/Mines Mutant | -8/Materials Scavenger-Skirmisher | -7/Factory Mutant | -7/Waste Scavenger-Gunner | -7/Factory Tank | -6/Factory Resources | -11 -10 -10 -9 -9 -9 -8 -8 -7 -7 -7 -6 ----------- Run | Yrd Mat Min Mat Min Exi Min Mat Fac Was Fac Fac Matter Collected 4047 | 294 474 155 711 40 . 10 210 318 . 1434 401 Remotely . | . . . . . . . . . . . . Salvage Created 7524 | 156 620 250 2215 271 . 50 1472 570 . 1437 483 Parts 377 | 12 33 17 112 7 . 1 75 31 . 69 20 Haulers Intercepted 12 | . 2 . 4 . . . 5 . . 1 . Recyclers Shooed 22 | . 2 . 10 1 . . 3 1 . 1 4 Parts Field Recycled . | . . . . . . . . . . . . Retrieved Matter . | . . . . . . . . . . . . Parts Self-Destructed . | . . . . . . . . . . . . Prevented . | . . . . . . . . . . . . Kills | -11 -10 -10 -9 -9 -9 -8 -8 -7 -7 -7 -6 ------- Run | Yrd Mat Min Mat Min Exi Min Mat Fac Was Fac Fac Combat Hostiles Destroyed 101 | . 9 2 32 5 . 1 17 10 . 19 6 Guns 82 | . 9 2 32 5 . . 14 . . 14 6 Cannons 15 | . . . . . . . 2 9 . 4 . AOE 1 | . . . . . . . . . . 1 . Classes Destroyed 16 | 2 7 1 2 . . . 2 1 . . 1 Worker 13 | . 1 2 5 1 . . 2 . . 1 1 Builder 13 | . 1 1 1 . . . 7 1 . 1 1 Tunneler 9 | 4 . 2 1 . . . 1 . . 1 . Hauler 12 | . 2 . 4 . . . 5 . . 1 . Recycler 21 | 1 1 1 6 . . . 4 3 . 3 2 Mechanic 6 | . 1 . . . . . 1 1 . 2 1 Operator 6 | . 2 . 3 . . . 1 . . . . Watcher 14 | . 1 . 5 . . . 3 2 . 3 . Swarmer 20 | . . . 7 . . . 7 4 . . 2 Grunt 42 | . 9 . 16 4 . . 2 . . 10 1 Brawler 3 | . . . 1 1 . 1 . . . . . Duelist 1 | . . . . . . . . . . . 1 Sentry 21 | . . 2 8 . . . 6 1 . 4 . Hunter 1 | . . . . . . . 1 . . . . Programmer 12 | . . . . . . . . 5 . 5 2 Heavy 1 | . . . . . . . 1 . . . . Best Kill Streak 5 | 3 3 3 5 4 . 1 5 5 . 5 2 Combat Bots Only 4 | . 2 2 3 4 . 1 3 4 . 3 2 Max Kills in Single Turn 2 | 2 1 2 1 1 . 1 1 2 . 2 2 Gunslinging . | . . . . . . . . . . . . Exploded 1 | . . . . . . . . . . 1 . Melee . | . . . . . . . . . . . . Uniques/NPCs Destroyed . | . . . . . . . . . . . . Combat | -11 -10 -10 -9 -9 -9 -8 -8 -7 -7 -7 -6 -------- Run | Yrd Mat Min Mat Min Exi Min Mat Fac Was Fac Fac Hostile Shots Fired 985 | . 70 10 176 14 . 2 132 90 6 194 291 Missed 356 | . 19 3 48 6 . 1 43 33 1 69 133 Hits 629 | . 51 7 128 8 . 1 89 57 5 125 158 Melee 7 | . . . . 1 . . . . 5 . 1 Projectile 622 | . 51 7 128 7 . 1 89 57 . 125 157 AOE 2 | . . . . . . . 1 . . . 1 Critical Strikes 19 | . 1 . 2 . . . 2 3 2 6 3 Part Disruptions 1 | . . . . . . . . . . . 1 Damage Taken 8891 | 12 766 108 1540 105 . 33 1395 769 220 2134 1809 Core 1819 | . 193 45 140 . . 14 128 97 174 176 852 Absorbed by Shields 145 | . . . . . . . . . . 145 . Regen/Repaired (Parts) 106 | . . . . . . . 106 . . . . Core Remaining (%) 55 | 100 . 4 . . . 61 76 . . 36 . Volleys Fired 595 | 8 73 25 175 17 . 2 123 46 . 82 44 Largest 3 | 2 2 2 2 2 . 2 2 3 . 3 3 Hottest 182 | 60 85 95 121 112 . 112 124 157 . 155 182 Shots Fired 1267 | 16 139 29 332 34 . 4 244 133 . 239 97 Gun 1084 | 16 139 25 332 34 . 4 229 44 . 198 63 Cannon 179 | . . . . . . . 15 89 . 41 34 Launcher 4 | . . 4 . . . . . . . . . Special . | . . . . . . . . . . . . Kinetic 440 | 8 113 . 58 . . . . 54 . 162 45 Thermal 798 | . 13 25 274 34 . 4 244 79 . 77 48 Explosive 4 | . . 4 . . . . . . . . . Electromagnetic 25 | 8 13 . . . . . . . . . 4 Robot Hit Streak 26 | 13 9 10 21 25 . 26 13 12 . 10 9 Robot Miss Streak 10 | 1 5 3 3 1 . 1 10 5 . 7 4 Penetration Max 1 | . . . . . . . . . . 1 . Secondary Targets 7 | . 2 . 1 . . . 2 . . 1 1 Max Gunslinging Chain 1 | . 1 . 1 . . . 1 . . 1 1 Shots Hit Robots 779 | 13 91 14 216 28 . 2 152 80 . 133 50 Core Hits 340 | 5 44 18 87 7 . 1 60 28 . 61 29 Critical Kills 1 | . . . . . . . . . . 1 . Critical Parts Destroyed 1 | . . . . . . . . . . 1 . Critical Strikes 47 | 1 . . 17 2 . 1 12 4 . 7 3 Burn 38 | . . . 17 2 . 1 12 4 . 2 . Destroy 3 | . . . . . . . . . . 3 . Blast 5 | . . . . . . . . . . 2 3 Corrupt 1 | 1 . . . . . . . . . . . Melee Attacks 4 | . . . 2 . . . . . . . 2 Impact . | . . . . . . . . . . . . Slashing 2 | . . . 2 . . . . . . . . Piercing . | . . . . . . . . . . . . Sneak Attacks 1 | . . . . . . . . . . . 1 Combat Hostiles . | . . . . . . . . . . . . Follow-up Attacks . | . . . . . . . . . . . . Damage Inflicted 14106 | 237 1246 255 3214 424 . 28 2441 1759 . 3373 1129 Guns 10633 | 164 1137 180 3172 424 . 28 2180 429 . 2183 736 Cannons 2906 | . . . . . . . 261 1305 . 947 393 Explosions 484 | 73 101 67 . . . . . . . 243 . Melee 42 | . . . 42 . . . . . . . . Ramming 41 | . 8 8 . . . . . 25 . . . Kinetic 5081 | 57 837 . 618 . . . . 813 . 2176 580 Thermal 8409 | 73 181 180 2554 424 . 28 2441 921 . 1096 511 Explosive 269 | . 101 67 . . . . . . . 101 . Electromagnetic 264 | 107 119 . . . . . . . . . 38 Impact . | . . . . . . . . . . . . Slashing 42 | . . . 42 . . . . . . . . Piercing . | . . . . . . . . . . . . Highest Corruption 15 | . 4 4 . . . . . 3 12 15 1 Average Corruption 9 | . 4 4 . . . . . 2 10 13 1 Corruption Purged . | . . . . . . . . . . . . Corruption Blocked . | . . . . . . . . . . . . Effects 201 | . 11 20 . . . . . 7 4 157 2 Message Errors 48 | . 2 7 . . . . . 1 . 38 . Matter Fused 41 | . 3 4 . . . . . 2 . 32 . Heat Flow Errors 19 | . 1 2 . . . . . 2 . 14 . Energy Discharges 30 | . 2 3 . . . . . 1 1 22 1 Parts Rejected 1 | . . . . . . . . . . 1 . Data Loss (minor) 25 | . 1 3 . . . . . 1 . 20 . Data Loss (major) 5 | . . 1 . . . . . . . 4 . Misfires 11 | . 1 . . . . . . . . 9 1 Alerts 5 | . . . . . . . . . 1 4 . Misdirections 6 | . . . . . . . . . 2 4 . Weapon Failures 10 | . 1 . . . . . . . . 9 . Overload Shots . | . . . . . . . . . . . . Overflow Damage 175 | 4 35 . . . . . . 71 . 62 3 Projectiles 125 | . . . . . . . . 71 . 51 3 Explosions 50 | 4 35 . . . . . . . . 11 . Melee . | . . . . . . . . . . . . Knockbacks 27 | . . . . . . . . 13 . 6 8 Impact . | . . . . . . . . . . . . Kinetic 25 | . . . . . . . . 11 . 6 8 Secondary 2 | . . . . . . . . 2 . . . Self-Inflicted Damage 147 | 12 72 4 . . . . . . . 59 . Shots 4 | 1 1 . . . . . . . . 2 . Rammed 3 | . 2 1 . . . . . . . . . Targets Rammed 4 | . 2 1 . . . . . 1 . . . Kicked . | . . . . . . . . . . . . Crushed 1 | . . . . . . . . 1 . . . Highest Temperature 453 | 12 204 261 149 124 . 15 266 356 . 359 453 Average Temperature 63 | 12 39 65 40 45 . 10 46 93 . 88 113 Received Heat Transfer 2028 | . 402 27 606 42 . 9 300 42 . 339 261 Effects 6 | . . . . . . . 1 2 . . 3 Shutdowns 1 | . . . . . . . . . . . 1 Energy Bleed 1 | . . . . . . . 1 . . . . Interference 4 | . . . . . . . . 2 . . 2 Siege Activations . | . . . . . . . . . . . . Martial Activations . | . . . . . . . . . . . . Shielding Activations . | . . . . . . . . . . . . Robots Disrupted . | . . . . . . . . . . . . Combat Hostiles . | . . . . . . . . . . . . Robots Corrupted . | . . . . . . . . . . . . Combat Hostiles . | . . . . . . . . . . . . Parts Fried . | . . . . . . . . . . . . Impact Corruptions . | . . . . . . . . . . . . Robots Melted 3 | . . . . . . 1 1 1 . . . Combat Hostiles 3 | . . . . . . 1 1 1 . . . Parts Melted 43 | . . . 11 6 . 2 17 2 . 4 1 Heat Transferred 22131 | 100 225 415 7844 1184 . 148 6845 2146 . 2164 1060 Parts Sabotaged . | . . . . . . . . . . . . Parts Stolen . | . . . . . . . . . . . . Parts Stripped . | . . . . . . . . . . . . Power Chain Reactions 2 | 2 . . . . . . . . . . . Alert | -11 -10 -10 -9 -9 -9 -8 -8 -7 -7 -7 -6 ------- Run | Yrd Mat Min Mat Min Exi Min Mat Fac Was Fac Fac Maximum Alert Level 2 | . . . 1 1 . . 1 . . 2 . Low Security (%) 78 | 100 100 100 50 89 . 100 63 100 100 77 100 Level 1 19 | . . . 49 10 . . 36 . . 11 . Level 2 2 | . . . . . . . . . . 11 . Level 3 . | . . . . . . . . . . . . Level 4 . | . . . . . . . . . . . . Level 5 . | . . . . . . . . . . . . High Security . | . . . . . . . . . . . . Max Security . | . . . . . . . . . . . . Peak Influence 424 | 10 119 55 331 229 . 49 264 118 20 424 177 Initial 175 | . . 39 . 109 . . . 118 20 . 175 Average 97 | 1 52 7 166 89 . 5 128 33 5 119 47 Influence Increases 4611 | 25 454 88 1145 210 . 113 1028 317 . 894 337 Destroy 0b10 Robot/C 2340 | . 180 40 640 120 . 80 580 200 . 380 120 Destroy 0b10 Robot/NC 465 | 25 45 30 120 5 . . 120 35 . 60 25 Destroy Leader 660 | . 56 . 178 20 . 20 166 74 . 116 30 Allied During Kill 66 | . . . . 5 . 13 48 . . . . Successful Hack 148 | . 15 . 52 . . . 45 5 . 19 12 Disable Machine 210 | . 15 . 15 15 . . . . . 165 . Destroy Structure 137 | . 8 18 5 . . . 9 3 . 94 . Partial Spotted 15 | . 15 . . . . . . . . . . Lose Combat Pursuer 570 | . 120 . 135 45 . . 60 . . 60 150 Influence Decreases 4486 | 25 353 189 864 491 . 113 768 518 59 536 570 Entered New Map 598 | . . 62 . 172 . . . 142 39 . 183 Time Decay 3315 | 25 303 127 647 309 . 93 658 366 20 456 311 Lost Part 353 | . 50 . 67 . . . 70 10 . 80 76 Lost Ally 70 | . . . . 10 . 20 40 . . . . Purge Threat 150 | . . . 150 . . . . . . . . Squads Dispatched 28 | . 5 . 3 . . . 4 3 . 10 3 Investigation 5 | . 3 . 1 . . . 1 . . . . Extermination 11 | . . . . . . . . 3 . 5 3 Reinforcement 10 | . 2 . 2 . . . 3 . . 3 . Assault 1 | . . . . . . . . . . 1 . Garrison 1 | . . . . . . . . . . 1 . Intercept . | . . . . . . . . . . . . Searches Triggered . | . . . . . . . . . . . . Construction Impeded . | . . . . . . . . . . . . Haulers Reinforced . | . . . . . . . . . . . . Active Scanning Responses . | . . . . . . . . . . . . Cargo Convoy Interrupts 2 | . . . . . . . . . . 1 1 Stealth | -11 -10 -10 -9 -9 -9 -8 -8 -7 -7 -7 -6 --------- Run | Yrd Mat Min Mat Min Exi Min Mat Fac Was Fac Fac Distress Signals 12 | . 2 . 3 . . . 5 . . 1 1 Communications Jammed . | . . . . . . . . . . . . Distress Signals . | . . . . . . . . . . . . Times Spotted 238 | . 29 2 56 9 . 4 41 19 6 31 41 Peak Tracking Total 20 | . 4 2 6 5 . 3 5 4 6 4 20 Tactical Retreats 25 | . 6 . 7 1 . . 4 . . 2 5 Traps | -11 -10 -10 -9 -9 -9 -8 -8 -7 -7 -7 -6 ------- Run | Yrd Mat Min Mat Min Exi Min Mat Fac Was Fac Fac Traps Triggered 11 | . 3 . 1 . . . 1 1 . 2 3 Indirectly . | . . . . . . . . . . . . Trap Hack Attempts . | . . . . . . . . . . . . Triggered . | . . . . . . . . . . . . Disarmed . | . . . . . . . . . . . . Reprogrammed . | . . . . . . . . . . . . Reused . | . . . . . . . . . . . . Traps Extracted . | . . . . . . . . . . . . Installed . | . . . . . . . . . . . . Triggered . | . . . . . . . . . . . . Machines | -11 -10 -10 -9 -9 -9 -8 -8 -7 -7 -7 -6 ---------- Run | Yrd Mat Min Mat Min Exi Min Mat Fac Was Fac Fac Machines Disabled 14 | . 1 . 1 1 . . . . . 11 . Max in Single Turn 5 | . 1 . 1 1 . . . . . 5 . Garrison Access 2 | . . . . . . . 1 . . 1 . Machines Repaired . | . . . . . . . . . . . . Machines Dismantled . | . . . . . . . . . . . . Machines Sabotaged . | . . . . . . . . . . . . Overloaded Fab Kills . | . . . . . . . . . . . . Hacking | -11 -10 -10 -9 -9 -9 -8 -8 -7 -7 -7 -6 --------- Run | Yrd Mat Min Mat Min Exi Min Mat Fac Was Fac Fac Machines Accessed 56 | . 8 . 13 . 1 1 12 5 . 13 3 Terminals 36 | . 7 . 10 . . 1 7 3 . 6 2 Fabricators 4 | . . . . . . . . 1 . 3 . Repair Stations 4 | . . . . . . . 2 1 . 1 . Recycling Units 7 | . 1 . 2 . . . 1 . . 2 1 Scanalyzers 2 | . . . 1 . . . 1 . . . . Garrison Access 2 | . . . . . . . 1 . . 1 . Total Hacks 167 | . 15 . 46 . 1 3 61 7 . 25 9 Successful 84 | . 5 . 20 . 1 . 45 2 . 8 3 Failed 82 | . 10 . 26 . . 3 15 5 . 17 6 Catastrophic 22 | . 6 . 4 . . . 4 2 . 5 1 Database Lockouts 1 | . . . . . . . 1 . . . . Manual 88 | . 12 . 37 . 1 3 16 2 . 13 4 Terminals 94 | . 12 . 37 . . 3 21 4 . 12 5 Fabricators 7 | . . . . . . . . 2 . 5 . Repair Stations 10 | . . . . . . . 7 1 . 2 . Recycling Units 20 | . 3 . 7 . . . 2 . . 4 4 Scanalyzers 31 | . . . 2 . . . 29 . . . . Garrison Access 4 | . . . . . . . 2 . . 2 . Terminal Hacks 21 | . 1 . 9 . 1 . 8 1 . . 1 Part Schematic 1 | . . . 1 . . . . . . . . Robot Analysis 6 | . 1 . 3 . . . 2 . . . . Prototype ID Bank 2 | . . . . . . . 1 1 . . . Branch Access Points 2 | . . . 1 . . . 1 . . . . Terminal Index 1 | . . . 1 . . . . . . . . Alert Level 1 | . . . . . . . 1 . . . . Unreport Threat 1 | . . . 1 . . . . . . . . Locate Traps 5 | . . . 1 . . . 3 . . . 1 Recall Investigation 1 | . . . 1 . . . . . . . . Proto ID Catalog 1 | . . . . . 1 . . . . . . Fabricator Hacks 3 | . . . . . . . . 1 . 2 . Network Status 3 | . . . . . . . . 1 . 2 . Repair Station Hacks 4 | . . . . . . . 3 . . 1 . Scan Component 3 | . . . . . . . 2 . . 1 . Repair 1 | . . . . . . . 1 . . . . Recycling Unit Hacks 10 | . 2 . 4 . . . 1 . . 2 1 Report Inventory 5 | . 1 . 2 . . . . . . 1 1 Retrieve Components 5 | . 1 . 2 . . . 1 . . 1 . Scanalyzer 27 | . . . . . . . 27 . . . . Insert Component 13 | . . . . . . . 13 . . . . Analyze 14 | . . . . . . . 14 . . . . Garrison Access Hacks 3 | . . . . . . . 2 . . 1 . Unlock Access 1 | . . . . . . . 1 . . . . Seal Access 2 | . . . . . . . 1 . . 1 . Unauthorized Hacks 16 | . 2 . 7 . . . 4 . . 2 1 Terminals 10 | . 1 . 5 . . . 3 . . 1 . Assimilate 4 | . . . 3 . . . . . . 1 . Botnet 3 | . . . 1 . . . 2 . . . . Operators 3 | . 1 . 1 . . . 1 . . . . Fabricators . | . . . . . . . . . . . . Repair Stations . | . . . . . . . . . . . . Recycling Units 6 | . 1 . 2 . . . 1 . . 1 1 Reject 6 | . 1 . 2 . . . 1 . . 1 1 Scanalyzers . | . . . . . . . . . . . . Garrison Access . | . . . . . . . . . . . . Data Cores Recovered . | . . . . . . . . . . . . Used . | . . . . . . . . . . . . Hacking Detections 48 | . 8 . 13 . . 1 8 5 . 10 3 Full Trace Events 3 | . 1 . 1 . . . 1 . . . . Feedback Events . | . . . . . . . . . . . . Feedback Blocked . | . . . . . . . . . . . . Robot Schematics Acquired . | . . . . . . . . . . . . Robots Built . | . . . . . . . . . . . . Authchips . | . . . . . . . . . . . . Time . | . . . . . . . . . . . . Total Robot Build Rating . | . . . . . . . . . . . . Part Schematics Acquired 14 | . . . 1 . . . 13 . . . . Parts Built . | . . . . . . . . . . . . Authchips . | . . . . . . . . . . . . Time . | . . . . . . . . . . . . Total Part Build Rating . | . . . . . . . . . . . . Parts Repaired 1 | . . . . . . . 1 . . . . Time 32 | . . . . . . . 32 . . . . Parts Recycled . | . . . . . . . . . . . . Recycled Matter . | . . . . . . . . . . . . Retrieved Matter . | . . . . . . . . . . . . Retrieved Components 37 | . 1 . 20 . . . 10 . . 6 . Parts Scanalyzed 13 | . . . . . . . 13 . . . . Part Schematics Acquired 13 | . . . . . . . 13 . . . . Parts Damaged 1 | . . . . . . . 1 . . . . Bothacking | -11 -10 -10 -9 -9 -9 -8 -8 -7 -7 -7 -6 ------------ Run | Yrd Mat Min Mat Min Exi Min Mat Fac Was Fac Fac Used RIF Installer . | . . . . . . . . . . . . Robots Hacked 2 | . . . . . . . . . . . 2 Non-combat 1 | . . . . . . . . . . . 1 Combat 1 | . . . . . . . . . . . 1 Robot Hacks Applied 2 | . . . . . . . . . . . 2 parse_system 1 | . . . . . . . . . . . 1 find_station 1 | . . . . . . . . . . . 1 Relay Couplers Released . | . . . . . . . . . . . . Fabnet Peak Effective % . | . . . . . . . . . . . . Robots Rewired . | . . . . . . . . . . . . Allies Hacked . | . . . . . . . . . . . . Hacks Repelled . | . . . . . . . . . . . . Allies | -11 -10 -10 -9 -9 -9 -8 -8 -7 -7 -7 -6 -------- Run | Yrd Mat Min Mat Min Exi Min Mat Fac Was Fac Fac Total Allies 5 | . . . 2 3 . . . . . . . Largest Group 3 | . . . 1 3 3 3 2 . . . . Highest-Rated Group 40 | . . . 10 40 40 40 32 . . . . Highest-Rated Ally 16 | . . . 10 16 16 16 16 . . . . Total Orders . | . . . . . . . . . . . . Ally Attacks 66 | . . . . 2 . 22 42 . . . . Total Damage 2177 | . . . . 30 . 254 1893 . . . . Kills 16 | . . . . 1 . 3 12 . . . . Allies Corrupted 1 | . . . . . . 1 . . . . . Allies Melted . | . . . . . . . . . . . . Turrets Deployed 3 | . . . . . . . 3 . . . . Intel | -11 -10 -10 -9 -9 -9 -8 -8 -7 -7 -7 -6 ------- Run | Yrd Mat Min Mat Min Exi Min Mat Fac Was Fac Fac Active Infowar (turns) 1249 | 34 323 . . . . . . . . 800 92 Optics 864 | . . . . . . . . . . 800 64 Sensors 196 | . 196 . . . . . . . . . . IFF 72 | . . . . . . . . . . . 72 Seismic 161 | 34 127 . . . . . . . . . . Robot Analysis Total 6 | . 1 . 3 . . . 2 . . . . Derelict Logs Recovered 2 | . . 1 . 1 . . . . . . . Drone Launches . | . . . . . . . . . . . . Drone Recoveries . | . . . . . . . . . . . . Exploration | -11 -10 -10 -9 -9 -9 -8 -8 -7 -7 -7 -6 ------------- Run | Yrd Mat Min Mat Min Exi Min Mat Fac Was Fac Fac Turns Passed 16323 | 136 941 947 2639 825 525 822 3495 1299 98 3504 1092 Spaces Moved 10371 | 104 784 920 1793 454 323 484 1628 586 101 2421 773 Core 512 | 7 . . 1 . . . . . 67 320 117 Treads 4234 | . . . 490 454 323 484 1628 586 34 235 . Legs 2204 | . . . . . . . . . . 1866 338 Wheels 3194 | 97 784 920 1302 . . . . . . . 91 Hover . | . . . . . . . . . . . . Flight 227 | . . . . . . . . . . . 227 Fastest Speed 32 | 50 80 80 80 160 160 160 155 155 50 50 32 Average Speed 123 | 89 80 85 104 160 160 160 159 183 95 117 106 Slowest Speed 1050 | 100 95 95 450 160 160 160 240 235 1050 190 195 Overloaded Moves . | . . . . . . . . . . . . Propulsion Burnouts . | . . . . . . . . . . . . Robots Hopped 9 | . . . . . . . . . . . 9 Potential Cave-ins . | . . . . . . . . . . . . Cave-ins Triggered . | . . . . . . . . . . . . Exploration Rate (%) 64 | 3 97 101 91 75 70 89 86 14 81 43 19 Regions Visited 11 Branch Regions 4 Pre-discovered Areas 1 | . . . . 1 . . . . . . . Known Exits Taken 6 | . . . 1 1 1 1 1 . . 1 . Unknown Exits Taken 3 | 1 1 1 . . . . . . . . . Scrap Searched 4 | . . 2 . 1 . 1 . . . . . Spaces Dug . | . . . . . . . . . . . . Terrain Destroyed 164 | 5 9 18 . . . . . 2 . 130 . Melee . | . . . . . . . . . . . . Projectile 22 | . . . . . . . . 2 . 20 . AOE 142 | 5 9 18 . . . . . . . 110 . Terrain Rammed . | . . . . . . . . . . . . Walls Destroyed . | . . . . . . . . . . . . Machines Disabled . | . . . . . . . . . . . . Actions | -11 -10 -10 -9 -9 -9 -8 -8 -7 -7 -7 -6 --------- Run | Yrd Mat Min Mat Min Exi Min Mat Fac Was Fac Fac Total 12785 | 127 962 1055 2238 519 333 531 2293 711 103 2948 965 Wait 1372 | . 64 83 165 38 3 42 478 48 . 345 106 Move 10347 | 103 783 919 1792 453 322 483 1627 586 100 2420 759 Hop 5 | . . . . . . . . . . . 5 Pick Up 117 | 7 11 7 30 3 4 1 21 5 1 20 7 Fast Attach 100 | 8 9 2 16 1 . . 9 4 1 34 16 Attach 42 | . 4 2 6 . . . 10 5 . 8 7 Detach 16 | 1 . 1 1 . . . . 2 . 4 7 Swap 36 | . 2 4 14 3 . 1 4 4 . 2 2 Drop 146 | . 14 11 37 4 4 2 21 10 1 32 10 Fire 595 | 8 73 25 175 17 . 2 123 46 . 82 44 Melee 4 | . . . 2 . . . . . . . 2 Ram 3 | . 2 1 . . . . . . . . . Kick . | . . . . . . . . . . . . Crush 1 | . . . . . . . . 1 . . . Escape Stasis . | . . . . . . . . . . . . Rewire 1 | . . . . . . . . . . 1 . Trap . | . . . . . . . . . . . . Miscellaneous . | . . . . . . . . . . . . Route ------- -11/Scrapyard -10/Materials (discovered 5 exits: *Mat x3 / [*Min x2]) -10/Mines (discovered 3 exits: *Mat x2 / [*Sub]) -9/Materials (discovered 2 exits: *Mat / *Min) -9/Mines (discovered 2 exits: *Mat / *Exi) -9/Exiles -8/Mines -8/Materials (discovered 4 exits: *Fac x3 / *Sto) -7/Factory -7/Waste -7/Factory (discovered 5 exits: *Fac x3 / [*Low x2]) -6/Factory (discovered 1 exit: [*Fac]) History --------- Turn | Location | Event 27 | -11/Scrapyard | Discovered new exit (range 16) 137 | -11/Scrapyard | Entered Materials 304 | -10/Materials | Build established: Mutant 308 | -10/Materials | Discovered new exit (range 8) 441 | -10/Materials | Lost 3 parts (1n2w) 499 | -10/Materials | Core integrity fell below 50% 632 | -10/Materials | Discovered new exit (range 7) 771 | -10/Materials | Discovered new exit (range 7) 896 | -10/Materials | Discovered new exit (range 8) 896 | -10/Materials | Discovered new exit (range 10) 1078 | -10/Materials | Entered Mines 1103 | -10/Mines | Discovered new exit (range 14) 1158 | -10/Mines | YI-UF0 nonchalantly dropped a Grenade Launcher on the ground 1381 | -10/Mines | A weapon hastily lodged in a ceiling crevice suddenly fell to the ground 1525 | -10/Mines | Core integrity fell below 20% 1754 | -10/Mines | Discovered new exit (range 15) 1783 | -10/Mines | Found a damaged Exp. Sensor Array with a note attached 1790 | -10/Mines | Found Prototype Device 1790 | -10/Mines | Identified Exp. Sensor Array 1911 | -10/Mines | Build established: Scavenger-Mutant 1960 | -10/Mines | Discovered new exit (range 6) 2025 | -10/Mines | Entered Materials 2025 | -9/Materials | Evolved 2 slots: Propulsion x1, Utility x1 2026 | -9/Materials | Identified exit to Mines 2836 | -9/Materials | Discovered new exit (range 3) 3820 | -9/Materials | Build established: Mutant 4664 | -9/Materials | Entered Mines 4664 | -9/Mines | Accompanied by 1 ally 4876 | -9/Mines | Assisted by bots powering up and referring to "LRC-V3" 4972 | -9/Mines | Discovered new exit (range 10) 4991 | -9/Mines | Identified exit to Materials 5128 | -9/Mines | Found a Scrap Suit stashed away for nefarious purposes 5193 | -9/Mines | Assembled infested the area 5474 | -9/Mines | Discovered new exit (range 5) 5479 | -9/Mines | Identified exit to Exiles 5489 | -9/Mines | Entered Exiles 5489 | -9/Exiles | Accompanied by 3 allies 5490 | -9/Exiles | Identified exit to Mines 5529 | -9/Exiles | Met 8R-AWN 5557 | -9/Exiles | Met EX-HEX 5627 | -9/Exiles | Met EX-DEC 5704 | -9/Exiles | Met EX-BIN 5753 | -9/Exiles | Aligned with FarCom system 5755 | -9/Exiles | Given EX-Vault access code 5795 | -9/Exiles | Opened EX-Vault 5815 | -9/Exiles | Found Deploy-a-Sentry 5818 | -9/Exiles | Found Deploy-a-Sentry 5821 | -9/Exiles | Found Deploy-a-Sentry 5854 | -9/Exiles | Warned to stay clear of 0b10 Research branches 6014 | -9/Exiles | Left Exiles lab with Deploy-a-Sentry 6014 | -9/Exiles | Entered Mines 6014 | -8/Mines | Accompanied by 3 allies 6237 | -8/Mines | Discovered exit to Materials (range 15) 6836 | -8/Mines | Entered Materials 6836 | -8/Materials | Accompanied by 2 allies 6836 | -8/Materials | Evolved 2 slots: Utility x2 6995 | -8/Materials | DAS Turret deployed 7468 | -8/Materials | Discovered new exit (range 15) 8319 | -8/Materials | Identified exit to Garrison 8387 | -8/Materials | Central database locked down 8388 | -8/Materials | Identified exit to Storage 9010 | -8/Materials | DAS Turret deployed 9014 | -8/Materials | DAS Turret deployed 9094 | -8/Materials | Lost 3 parts (1n2u) 9211 | -8/Materials | Discovered new exit (range 11) 9253 | -8/Materials | Identified exit to Factory 9791 | -8/Materials | Repaired Imp. Treads 10071 | -8/Materials | Build established: Scavenger-Mutant 10254 | -8/Materials | Discovered exit to Factory (range 10) 10331 | -8/Materials | Entered Factory 10331 | -7/Factory | Evolved 2 slots: Utility x1, Weapon x1 10856 | -7/Factory | Build established: Scavenger-Skirmisher 11374 | -7/Factory | Discovered new exit (range 8) 11390 | -7/Factory | Identified exit to Factory 11492 | -7/Factory | Build established: Skirmisher 11630 | -7/Factory | Sucked down chute 11630 | -7/Factory | Entered Waste 11645 | -7/Waste | EMP discharged 11645 | -7/Waste | System corruption reached 10% 11646 | -7/Waste | Spotted C-40 Crusher 11659 | -7/Waste | Spotted C-40 Crusher 11660 | -7/Waste | Spotted C-40 Crusher 11675 | -7/Waste | Spotted C-40 Crusher 11682 | -7/Waste | Crushed by Compactor (1 part destroyed, 2 dropped) 11685 | -7/Waste | Crushed by Compactor (1 part destroyed, 2 dropped) 11691 | -7/Waste | Crushed by Compactor (1 part destroyed, 2 dropped) 11694 | -7/Waste | Crushed by Compactor (1 part destroyed, 2 dropped) 11694 | -7/Waste | Crushed by Compactor (1 part destroyed, 1 dropped) 11705 | -7/Waste | Spotted C-40 Crusher 11709 | -7/Waste | Spotted C-40 Crusher 11714 | -7/Waste | Discovered new exit (range 16) 11725 | -7/Waste | Lost 5 parts (1p1n3u) 11728 | -7/Waste | Entered Factory 11765 | -7/Factory | Discovered new exit (range 13) 11964 | -7/Factory | Build established: Mutant 12208 | -7/Factory | Discovered new exit (range 13) 12282 | -7/Factory | Build established: Scavenger-Tank 12712 | -7/Factory | Discovered exit to Factory (range 13) 12851 | -7/Factory | Build established: Scavenger-Skirmisher 13298 | -7/Factory | Discovered exit to Factory (range 6) 13435 | -7/Factory | Build established: Scavenger-Gunner 13549 | -7/Factory | Cargo convoy interrupted 13859 | -7/Factory | Lost 3 parts (1p2u) 14179 | -7/Factory | Garrison activated, responded to threat 14265 | -7/Factory | Build established: Gunner 14582 | -7/Factory | Core integrity fell below 50% 14869 | -7/Factory | Build established: Scavenger-Gunner 14928 | -7/Factory | First assault squad dispatched 15197 | -7/Factory | Discovered exit to Factory (range 8) 15232 | -7/Factory | Entered another Factory area 15232 | -6/Factory | Evolved 2 slots: Propulsion x1, Utility x1 15261 | -6/Factory | Lost 6 parts (1n3u2w) 15675 | -6/Factory | Build established: Tank 16062 | -6/Factory | Spotted B-75 Beast 16142 | -6/Factory | Lost 10 parts (4n3u3w) 16198 | -6/Factory | Core integrity fell below 50% 16306 | -6/Factory | Core integrity fell below 20% 16315 | -6/Factory | Cargo convoy interrupted 16323 | -6/Factory | Discovered new exit (range 19) 16324 | -6/Factory | Destroyed by H-66 Slayer with Heavy Assault Rifle Last Messages --------------- 16314_ H-66 Slayer unfolds itself. 16314_ E-15 Imp unfolds itself. 16314_ Slug penetrates H-66 Slayer. 16314_ Penetrated by Slug. 16315_ ALERT: Cargo convoy interrupted, initiating access lockdown. 16315_ Acquired Arm. Huge Wheel. 16315_ Penetrated by Slug. 16318_ E-15 Imp destroyed. 16318_ Acquired Hvy. Pick. 16323_ EXIT=FOUND 16324_ Nuclear Reactor explodes. 16324_ H-66 Slayer destroyed. 16324_ Nuclear Reactor explodes. 16324_ E-15 Imp destroyed. 16324_ I-36 Angel destroyed. 16324_ S-27 Virus destroyed. 16324_ Slug penetrates Wall. 16324_ Penetrated by Slug. 16324_ Slug penetrates Wall. Map ----- +----------------------------------------------------+ | ?????????????????????????????????????# ????????# | | ?????????????????????????????????????# ???????# | | ????????????????????????????????????## #??????## | | ???????????????????????????????????? ##+#???# | | ????????????????????????????????? ? ???+ | | ?????????????????????????????? ? #???# | | ??????????????????????????????? #???# | | ???????????????????????????????? """ #???# | | ?????????????????????????????????# """ #???# | | ?????????????????????????????????# """ ##### | | ?????????????????????????????????# # | | ?????????????????????????????????# """ # | | ?????????????????????????????????# """ + | | ????????????????????????????????????# """ # | | ????????????????????????????????????# # | | ????????????????????????????????????# """ # | | ????????????????????????????????????# """ # | | ????????????????????????????????????# """ | | ????????????????????????????????????# ] | | ????????????????????????????????????# | | ?????????????????????#??????????????+ | | ?????????????????????? ?????????????# l | | ??????????????????????# ####????????# g ###/#### | | ????????????????????### #T ########## # | | ????????????????????# / # """ | | ????????????????????# @ %* ^ # """ | | ????????????????????# # """ | | ????????????????????# /[ # | | ????????????????????# [ [ # | | ???????????????????# = =%[ ######## | | ???????????????????## %[h = ! #??????# | | ???????????????# !A [ *%s#??????# " " ! | | ???????????????# %* [= / ######## "R" | | ???????????????# !! h = / """ | | ???????????????+ h hh ##### | | ???????????????# %% hh #???######## | | ???????????????# ###+ ####### #??????????? | | ???????????????# ? ?????# #??????????? | | ???????????????# # ? """ ?????# #??????????? | | ???????????????# ?# ?"""" ????# #??????????? | | ???????????????# ?#???"""" ????# #??????????? | | ???????????????+ ?????? ?? ????# #??????????? | | ???????????????#